 Dungeon Crawl Stone Soup version 0.27.1-34-g3ba077fa99 (webtiles) character file.

Game seed: 1108489332840660112

1122 hawla the Magician (level 8, -4/67 HPs)
             Began as a Green Draconian Conjurer on Jan 18, 2022.
             Killed from afar by a steam dragon (23 damage)
             ... with a ball of steam
             ... on level 6 of the Dungeon.
             The game lasted 00:16:49 (6536 turns).

hawla the Magician (Green Draconian Conjurer)       Turns: 6536, Time: 00:16:51

Health: -4/67      AC:  9    Str: 10    XL:     8   Next: 12%
Magic:  0/14       EV: 12    Int: 20    God:
Gold:   249        SH:  0    Dex: 10    Spells: 4/16 levels left

rFire    . . .     SeeInvis .   k - staff of poison
rCold    . . .     Faith    .   (no shield)
rNeg     . . .     Spirit   .   (armour unavailable)
rPois    +         Reflect  .   (helmet restricted)
rElec    .         Harm     .   r - +0 cloak
rCorr    .         Rampage  .   (no gloves)
Will     .....                  s - +1 pair of boots
Stlth    ++........             (no amulet)
HPRegen  0.21/turn              (no ring)
MPRegen  0.14/turn              (no ring)

@: no status effects
A: breathe noxious fumes, AC +6, unfitting armour, poison resistance,
cold-blooded
a: Breathe Noxious Fumes


You were on level 6 of the Dungeon.
You visited 1 branch of the dungeon, and saw 6 of its levels.

You collected 249 gold pieces.

Inventory:

Hand Weapons
 h - a +3 dagger of holy wrath
Missiles
 j - 40 poisoned darts (quivered)
Armour
 r - a +0 cloak (worn)
 s - a +1 pair of boots (worn)
Magical Staves
 c - a staff of death
 k - a staff of poison (weapon)
Wands
 m - a wand of flame (12)
 p - a wand of mindburst (3)
 v - a wand of polymorph (6)
Scrolls
 l - a scroll of teleportation {unknown}
 n - a scroll of holy word
 t - a scroll of identify
Potions
 a - a potion of haste
 b - a potion of heal wounds
 d - a potion of curing
 e - a potion of flight
 f - 2 potions of brilliance
 g - a potion of invisibility
 i - a potion of berserk rage
 o - a potion of resistance {unknown}
 q - a potion of lignification {unknown}
 u - a potion of attraction {unknown}


   Skills:
 + Level 4.4 Fighting
 + Level 2.8 Throwing
 - Level 2.0 Dodging
 - Level 2.0 Stealth
 + Level 4.5 Spellcasting
 + Level 4.5 Conjurations
 - Level 1.0 Necromancy
 - Level 4.0 Translocations
 + Level 1.9 Fire Magic
 + Level 2.0 Earth Magic
 - Level 1.2 Poison Magic
 - Level 1.0 Evocations


You had 4 spell levels left.
You knew the following spells:

 Your Spells              Type           Power      Damage    Failure   Level
a - Magic Dart            Conj           88%        1d7       1%          1
b - Searing Ray           Conj           44%        3d4       2%          2
c - Iskenderun's Mystic   Conj/Tloc      21%        2d6       21%         4
d - Bolt of Magma         Conj/Fire/Erth 7%         4d6       71%         5

Your spell library contained the following spells:

 Spells                   Type           Power      Damage    Failure   Level
 Stone Arrow              Conj/Erth      34%        3d9       10%         3
 Dazzling Flash           Conj/Hex       26%        N/A       14%         3
 Fulminant Prism          Conj/Hex       6%         3d7       43%         4
 Malign Gateway           Summ/Tloc      6%         N/A       100%        7
 Summon Horrible Things   Summ           2%         N/A       100%        8
 Shatter                  Erth           6%         3d9*      100%        9


Dungeon Overview and Level Annotations

Branches:
Dungeon (6/15)
 Temple: D:4-7

Altars:
Cheibriados
Fedhas
Hepliaklqana
Okawaru
Qazlal
Trog
Yredelemnul
The Shining One


Innate Abilities, Weirdness & Mutations

You can breathe blasts of noxious fumes.
Your lurid green scales are hard. (AC +6)
You cannot fit into any form of body armour.
Your system is resistant to poisons. (rPois)
You are cold-blooded and may be slowed by cold attacks.


Message History

You are engulfed in a cloud of scalding steam.
The steam dragon bites you! The steam dragon barely misses you.
Casting: Searing Ray (safe; 2% risk of failure)
Confirm with . or Enter, or press ? or * to list all spells.
Aiming: Searing Ray (safe; 2% risk of failure)
Press: ? - help, Shift-Dir - straight line The searing ray misses the steam dragon. (Press . to maintain the ray.)
The steam dragon bites you but does no damage.
The steam dragon misses you.
The searing ray hits the steam dragon.
The steam dragon is almost dead.
The steam dragon breathes steam at you. The ball of steam misses you.
The searing ray misses the steam dragon.
You are engulfed in a cloud of scalding steam.
The steam dragon barely misses you. x2
You hit the steam dragon but do no damage.
The steam dragon is almost dead.
You are engulfed in a cloud of scalding steam.
The steam dragon bites you. The steam dragon barely misses you.
You are engulfed in a cloud of scalding steam.
The steam dragon breathes steam at you. The ball of steam hits you!
* * * LOW HITPOINT WARNING * * *
You are engulfed in a cloud of scalding steam.
The steam dragon bites you but does no damage.
The steam dragon misses you. The steam dragon closely misses you.
The steam dragon claws you but does no damage.
Casting: Searing Ray (safe; 2% risk of failure)
Confirm with . or Enter, or press ? or * to list all spells.
Aiming: Magic Dart (safe; 1% risk of failure)
Press: ? - help, Shift-Dir - straight line, f - steam dragon
Aim: a steam dragon (almost dead, 100% to hit)
The magic dart hits the steam dragon but does no damage.
The steam dragon is almost dead.
The steam dragon breathes steam at you. The ball of steam hits you!!
You die...

########### ########.........
########## #.............#.
##...##...## ..######........
##..........## .........####.##
#[.).........#
............#§^####............#
.....######.....§D†...........)#
......# ####..@###..........##
..##...# ###.# ##...##...##
..###.... #.# #..####### #.#
#.### #.# #.##### ### #.# .# #.#
##l....#.... .# #.###.S.........
.) #..#...D........
##.............. #......).......


You could see a steam dragon (catching breath).

Vanquished Creatures
  A black bear (D:5)
  3 ice beasts
  2 ogres
  Blork the orc (D:4)
  2 scorpions (D:5)
  A jelly (D:4)
  An orc priest (D:4)
  Jessica (D:3)
  3 iguanas
  An orc wizard (D:4)
  2 howler monkey skeletons (D:5)
  11 adders
  An ufetubus (D:5)
  4 worms
  A dart slug (D:1)
  4 orcs
  4 bats
  5 endoplasms
  3 giant cockroaches
  8 goblins
  6 hobgoblins
  4 jackals (D:5)
  4 quokkas
  7 ball pythons
  A frilled lizard (D:1)
  11 kobolds
  4 rats
96 creatures vanquished.

Vanquished Creatures (collateral kills)
  An endoplasm (D:2)
  A hobgoblin (D:2)
  A kobold (D:2)
3 creatures vanquished.

Grand Total: 99 creatures vanquished

Notes
Turn   | Place    | Note
-------+----------+-------------------------------------------
     0 | D:1      | hawla the Draconian Conjurer began the quest for the Orb.
     0 | D:1      | Reached XP level 1. HP: 14/14 MP: 3/3
   302 | D:1      | Found a faded altar of an unknown god.
   373 | D:1      | Reached XP level 2. HP: 22/22 MP: 5/5
   376 | D:1      | Learned a level 2 spell: Searing Ray
   634 | D:1      | Reached skill level 1 in Fighting
   634 | D:1      | Reached skill level 1 in Translocations
  1425 | D:2      | Reached XP level 3. HP: 28/28 MP: 1/6
  2000 | D:2      | Found a snail-covered altar of Cheibriados.
  2318 | D:3      | Noticed an ice beast
  2326 | D:3      | Killed an ice beast
  2327 | D:3      | Reached XP level 4. HP: 37/37 MP: 0/8
  2327 | D:3      | Reached XP level 5. HP: 42/42 MP: 0/9
  2541 | D:3      | Noticed Jessica
  2550 | D:3      | Killed Jessica
  2556 | D:3      | Learned a level 4 spell: Iskenderun's Mystic Blast
  3211 | D:4      | Noticed Blork the orc
  3217 | D:4      | Killed Blork the orc
  3218 | D:4      | Reached XP level 6. HP: 36/51 MP: 2/11
  3595 | D:4      | Found a stormy altar of Qazlal.
  3774 | D:4      | Found a bloodstained altar of Trog.
  3777 | D:4      | Found a blossoming altar of Fedhas.
  3780 | D:4      | Found an iron altar of Okawaru.
  3822 | D:4      | Found a glowing golden altar of the Shining One.
  4255 | D:4      | Found a basalt altar of Yredelemnul.
  4666 | D:4      | Reached skill level 1 in Evocations
  4702 | D:4      | Reached skill level 1 in Throwing
  4702 | D:4      | Reached skill level 1 in Necromancy
  4702 | D:4      | Reached skill level 1 in Poison Magic
  4788 | D:5      | Entered Level 5 of the Dungeon
  5178 | D:5      | Your scales start taking on a lurid green colour.
  5178 | D:5      | Reached XP level 7. HP: 57/57 MP: 13/13
  5178 | D:5      | Gained mutation: Your system is resistant to poisons.
                  | (rPois) [Green Draconian growth]
  5231 | D:5      | Found a hazy altar of Hepliaklqana.
  5520 | D:4      | Learned a level 5 spell: Bolt of Magma
  5811 | D:5      | Reached skill level 1 in Fire Magic
  5811 | D:5      | Reached skill level 1 in Earth Magic
  6172 | D:5      | Reached XP level 8. HP: 57/67 MP: 4/14
  6536 | D:6      | Killed from afar by a steam dragon

Illustrated notes

Levels and vault maps discovered:
D:1:      lemuel_arrival_broad_hall, layout_loops_corners,
          hellmonk_ecumenical_altar_arch_garden
D:2:      layout_rooms, basic_altar
D:3:      layout_loops_ring, uniq_jessica
D:4:      layout_basic, grunt_qazlal_clouds, kennysheep_mini,
          grunt_temple_overflow_cloverleaf, uniq_blork_the_orc
D:5:      layout_gridville, mainiacjoe_overflow_alcove_2
D:6:      layout_rooms, nzn_wu_jian_contemplation

Skill      XL: |  1  2  3  4  5  6  7  8 |
---------------+-------------------------+-----
Stealth        | 2 |  2.0
Dodging        | 2 |  2.0
Fighting       | 1 2 3 4 |  4.4
Translocations | 1 2 3 4 |  4.0
Spellcasting   | 3 4 |  4.5
Evocations     | 1 |  1.0
Throwing       | 1 2 |  2.8
Necromancy     | 1 |  1.0
Poison Magic   | 1 |  1.2
Fire Magic     | 1 |  1.9
Earth Magic    | 1 2 |  2.0
Conjurations   | |  4.5

Action                   |  1- 3 |  4- 6 |  7- 9 || total
-------------------------+-------+-------+-------++-------
Melee: Dagger            |    93 |    65 |    13 ||   171
       Tailslap          |     7 |     6 |       ||    13
       Staff             |       |    60 |     5 ||    65
Throw: Dart              |       |     6 |     6 ||    12
 Cast: Magic Dart        |    20 |     7 |     5 ||    32
       Searing Ray       |    14 |    20 |    17 ||    51
       Iskenderun's Myst |       |     4 |     9 ||    13
  Use: Scroll            |     5 |     4 |     2 ||    11
       Potion            |       |       |     3 ||     3
 Stab: Sleeping          |     5 |     3 |       ||     8
Armor: Skin              |    42 |    70 |    28 ||   140
Dodge: Dodged            |    72 |   113 |    37 ||   222
